[Event "Krakow Championship-C 2022"]
[Site "Krakow"]
[Date "2022.06.26"]
[Round "3.6"]
[White "Jaromin, Maciej"]
[Black "Bajer, Tomasz"]
[Result "1-0"]
[ECO "A57"]
[WhiteElo "1479"]
[BlackElo "1437"]
[Annotator "NA RC"]
[PlyCount "117"]
[EventDate "2022.06.25"]
[EventType "swiss"]
[EventCountry "POL"]
[SourceTitle "playchess.com"]
[Source "ChessBase"]
[SourceQuality "1"]
[TimeControl "5400+30"]

1. d4 Nf6 2. c4 c5 3. d5 b5 4. cxb5 a6 5. e3 e6 6. Nc3 Bb7 7. e4 exd5 8. exd5 Bd6 9. Nf3 O-O 10. Be2 axb5 11. Bxb5 Re8+ 12. Be2 Be5 13. Nxe5 Rxe5 14. O-O Nxd5 15. Nxd5 Rxd5 16. Qb3 Bc6 17. Bf3 Rd4 18. Bxc6 Nxc6 19. Be3 Rb4 20. Qc3 Qb8 21. b3 Nd4 22. Bxd4 Rxd4 23. Qxc5 Rd2 24. Rfc1 h6 25. Rc2 Qf4 26. g3 Qd4 27. Qxd4 Rxd4 28. Rac1 Kh7 29. a4 Rb4 30. Rc3 Rab8 31. Rd1 R8b7 32. Rdd3 Kg6 33. Kf1 f6 34. Ke2 Kf7 35. Kd2 Ke6 36. Kc2 d5 37. Rc5 d4 38. Rb5 R7xb5 39. axb5 Kd5 40. Rf3 Ke4 41. Rf4+ Ke5 42. Rh4 Rxb5 43. Rh5+ f5 44. g4 Kf4 45. Rxf5+ Rxf5 46. gxf5 Kxf5 47. Kd3 Ke5 48. b4 g5 49. b5 Kd5 50. b6 Kc6 51. Kxd4 Kxb6 52. Ke5 Kc5 53. Kf5 Kd4 54. Kg6 Ke4 55. Kxh6 Kf5 56. h3 Kf4 57. Kg6 g4 58. h4 Kf3 59. Kg5 1-0

[Event "Krakow Championship-C 2022"]
[Site "Krakow"]
[Date "2022.06.26"]
[Round "3.7"]
[White "Dymara, Jerzy"]
[Black "Kuznik, Kamil"]
[Result "0-1"]
[ECO "B22"]
[WhiteElo "1217"]
[BlackElo "1456"]
[Annotator "NA RC"]
[PlyCount "84"]
[EventDate "2022.06.25"]
[EventType "swiss"]
[EventCountry "POL"]
[SourceTitle "playchess.com"]
[Source "ChessBase"]
[SourceQuality "1"]
[TimeControl "5400+30"]

1. e4 c5 2. c3 Nf6 3. e5 Nd5 4. Nf3 Nc6 5. d4 cxd4 6. cxd4 d6 7. Bc4 Nb6 8. Bb3 g6 9. O-O Bg7 10. Bf4 O-O 11. Nc3 Bg4 12. exd6 exd6 13. h3 Bxf3 14. Qxf3 Qd7 15. d5 Nd4 16. Qd3 Nxb3 17. axb3 a6 18. Qd2 Rfe8 19. Bh6 Bxh6 20. Qxh6 Qf5 21. g4 Qf3 22. Rfe1 Nxd5 23. Nxd5 Qxd5 24. Rad1 Qxb3 25. Rxe8+ Rxe8 26. Rxd6 Qf3 27. Qd2 Qxh3 28. Qd1 Qh4 29. Rd7 Re1+ 30. Qxe1 Qxg4+ 31. Kh2 Qxd7 32. Qe5 Qb5 33. Qb8+ Kg7 34. b3 h5 35. Qg3 Qd5 36. Qc3+ Kh7 37. f3 Qd6+ 38. Kg2 h4 39. Kf2 Qg3+ 40. Ke3 Qg5+ 41. Kf2 b6 42. Qb2 h3 0-1

[Event "Krakow Championship-C 2022"]
[Site "Krakow"]
[Date "2022.06.26"]
[Round "3.8"]
[White "Diachek, Andriy"]
[Black "Radwanski, Mikolaj"]
[Result "1-0"]
[ECO "B07"]
[WhiteElo "1451"]
[BlackElo "1349"]
[Annotator "NA RC"]
[PlyCount "95"]
[EventDate "2022.06.25"]
[EventType "swiss"]
[EventCountry "POL"]
[SourceTitle "playchess.com"]
[Source "ChessBase"]
[SourceQuality "1"]
[TimeControl "5400+30"]

1. e4 d6 2. d4 Nf6 3. Nc3 g6 4. Bg5 h6 5. Bxf6 exf6 6. Bd3 Bg7 7. Nge2 O-O 8. O-O Nc6 9. f4 Nb4 10. f5 d5 11. fxg6 fxg6 12. Nxd5 Nxd3 13. Qxd3 c6 14. Ndf4 Qe8 15. Ng3 g5 16. Nfe2 Rf7 17. Nf5 Bxf5 18. Rxf5 Re7 19. Ng3 Rd8 20. c3 h5 21. Qf3 h4 22. Nh5 Rxe4 23. Nxf6+ Bxf6 24. Rxf6 Re1+ 25. Rxe1 Qxe1+ 26. Qf1 Qxf1+ 27. Kxf1 Kg7 28. Re6 Kf7 29. Re5 Kf6 30. Kf2 Rd5 31. Rxd5 cxd5 32. a4 b6 33. b3 Kf5 34. Ke3 Kg4 35. c4 Kf5 36. cxd5 a5 37. Kf3 g4+ 38. Ke3 h3 39. g3 Kf6 40. Kf4 Ke7 41. Kxg4 Kd6 42. Kf4 Kxd5 43. Ke3 Kc6 44. g4 b5 45. g5 bxa4 46. bxa4 Kd6 47. g6 Ke6 48. d5+ 1-0

[Event "Krakow Championship-C 2022"]
[Site "Krakow"]
[Date "2022.06.27"]
[Round "4.1"]
[White "Andriienko, Artom"]
[Black "Diachek, Andriy"]
[Result "1/2-1/2"]
[ECO "E15"]
[WhiteElo "1588"]
[BlackElo "1451"]
[Annotator "NA RC"]
[PlyCount "145"]
[EventDate "2022.06.25"]
[EventType "swiss"]
[EventCountry "POL"]
[SourceTitle "playchess.com"]
[Source "ChessBase"]
[SourceQuality "1"]
[TimeControl "5400+30"]

1. d4 Nf6 2. c4 e6 3. Nf3 b6 4. g3 Bb4+ 5. Nbd2 Bb7 6. Bg2 O-O 7. O-O d5 8. Qc2 Nbd7 9. cxd5 exd5 10. a3 Bd6 11. b4 Re8 12. e3 Ne4 13. Nxe4 dxe4 14. Nd2 Nf6 15. Nc4 Qd7 16. Ne5 Qf5 17. Bb2 Ng4 18. Nc4 Ba6 19. Rac1 Rad8 20. f3 Nxh2 21. fxe4 Qh5 22. Rf5 Qh6 23. b5 Bc8 24. e5 Ng4 25. Rf3 Bb7 26. Qf5 Bxf3 27. Qxf3 Qh2+ 28. Kf1 Qh5 29. Ke2 Be7 30. Rh1 Qg6 31. Qe4 Nh6 32. Qxg6 hxg6 33. Bc6 Rf8 34. e4 Kh7 35. g4 Rh8 36. Bd5 Kg8 37. Rf1 Rf8 38. Rg1 g5 39. Ne3 g6 40. Rc1 Bd8 41. Bb3 Nf5 42. gxf5 Rh2+ 43. Kf3 Rxb2 44. Bd5 Kg7 45. f6+ Bxf6 46. exf6+ Kxf6 47. Ng4+ Kg7 48. Rxc7 Rxb5 49. Ne5 Rb1 50. Rxa7 Kh6 51. Nxf7+ Kh5 52. Kg2 Kh4 53. Kf2 g4 54. Ke3 g3 55. e5 Rb5 56. Be4 Rb3+ 57. Kd2 Kg4 58. e6 Rb2+ 59. Kc3 Re2 60. Ne5+ Kg5 61. Bd5 g2 62. Bxg2 Rxg2 63. e7 Re8 64. d5 Re2 65. Nc6 Kg4 66. Kd3 Re1 67. Kd2 Rf1 68. d6 Rf6 69. d7 Rd6+ 70. Ke3 Rxe7+ 71. Nxe7 Re6+ 72. Kf2 Rxe7 73. Ra4+ 1/2-1/2

[Event "Krakow Championship-C 2022"]
[Site "Krakow"]
[Date "2022.06.27"]
[Round "4.2"]
[White "Kuznik, Kamil"]
[Black "Chmielewski, Miroslaw"]
[Result "1/2-1/2"]
[ECO "B28"]
[WhiteElo "1456"]
[BlackElo "1571"]
[Annotator "NA RC"]
[PlyCount "34"]
[EventDate "2022.06.25"]
[EventType "swiss"]
[EventCountry "POL"]
[SourceTitle "playchess.com"]
[Source "ChessBase"]
[SourceQuality "1"]
[TimeControl "5400+30"]

1. e4 c5 2. Nf3 a6 3. c3 d5 4. exd5 Qxd5 5. d4 Bf5 6. Be2 Nc6 7. O-O cxd4 8. Nxd4 Nxd4 9. cxd4 Bxb1 10. Rxb1 e6 11. Bf3 Qb5 12. Qc2 Bd6 13. Qe4 Rb8 14. Bf4 Nf6 15. Qe3 Nd5 16. Bxd5 Qxd5 17. Bxd6 Qxd6 1/2-1/2

[Event "Krakow Championship-C 2022"]
[Site "Krakow"]
[Date "2022.06.27"]
[Round "4.3"]
[White "Cwiek, Stefan"]
[Black "Jaromin, Maciej"]
[Result "1-0"]
[ECO "B22"]
[WhiteElo "1280"]
[BlackElo "1479"]
[Annotator "NA RC"]
[PlyCount "40"]
[EventDate "2022.06.25"]
[EventType "swiss"]
[EventCountry "POL"]
[SourceTitle "playchess.com"]
[Source "ChessBase"]
[SourceQuality "1"]
[TimeControl "5400+30"]

1. e4 c5 2. c3 d5 3. exd5 Qxd5 4. d4 Nf6 5. Nf3 Bg4 6. Be2 Nc6 7. c4 Qd7 8. d5 Bxf3 9. Bxf3 Nd4 10. Be3 Nxf3+ 11. Qxf3 Rc8 12. Nc3 Qg4 13. Qxg4 Nxg4 14. Bf4 g6 15. h3 Bh6 16. Bxh6 Nxh6 17. g4 f5 18. f3 O-O 19. O-O-O Rf6 20. g5 Ra8 1-0

[Event "Krakow Championship-C 2022"]
[Site "Krakow"]
[Date "2022.06.27"]
[Round "4.4"]
[White "Olszewski, Antoni"]
[Black "Lesniak, Wojciech"]
[Result "1/2-1/2"]
[ECO "B36"]
[WhiteElo "1532"]
[BlackElo "1368"]
[Annotator "NA RC"]
[PlyCount "58"]
[EventDate "2022.06.25"]
[EventType "swiss"]
[EventCountry "POL"]
[SourceTitle "playchess.com"]
[Source "ChessBase"]
[SourceQuality "1"]
[TimeControl "5400+30"]

1. e4 c5 2. Nf3 g6 3. d4 cxd4 4. Nxd4 Nc6 5. c4 Nf6 6. Nc3 d6 7. Be2 Nxd4 8. Qxd4 Bg7 9. Be3 O-O 10. Qd2 Be6 11. O-O Qa5 12. Bd4 Nxe4 13. Nxe4 Qxd2 14. Nxd2 Bxd4 15. Nf3 Bg7 16. Rad1 Rfc8 17. b3 a6 18. Nd4 Bd7 19. Nc2 b5 20. Ne3 Be6 21. Nd5 Bxd5 22. Rxd5 b4 23. Bf3 Ra7 24. Rfd1 Bf8 25. h3 e6 26. R5d3 Rc5 27. Kf1 a5 28. Rb1 Rd7 29. Rbd1 Be7 1/2-1/2

[Event "Krakow Championship-C 2022"]
[Site "Krakow"]
[Date "2022.06.27"]
[Round "4.6"]
[White "Bajer, Jakub"]
[Black "Wegrzyn, Bartosz"]
[Result "1-0"]
[ECO "D00"]
[WhiteElo "1358"]
[BlackElo "1286"]
[Annotator "NA RC"]
[PlyCount "59"]
[EventDate "2022.06.25"]
[EventType "swiss"]
[EventCountry "POL"]
[SourceTitle "playchess.com"]
[Source "ChessBase"]
[SourceQuality "1"]
[TimeControl "5400+30"]

1. d4 d5 2. Nc3 Nf6 3. Bf4 c5 4. e4 dxe4 5. dxc5 Qxd1+ 6. Rxd1 a6 7. b4 e6 8. g4 Nc6 9. g5 Nd5 10. Rxd5 exd5 11. Nxd5 Ra7 12. Nc7+ Kd8 13. c3 Be6 14. Bg2 Bxa2 15. Bxe4 Be7 16. Nf3 g6 17. O-O Kc8 18. Ra1 Bc4 19. Nd2 Be6 20. Nxe6 fxe6 21. Nc4 Kd8 22. Rd1+ Ke8 23. Nb6 Kf7 24. Rd7 Nb8 25. Rc7 a5 26. b5 a4 27. Bd6 Re8 28. Bxe7 Rxe7 29. Rxe7+ Kxe7 30. Nc8+ 1-0

[Event "Krakow Championship-C 2022"]
[Site "Krakow"]
[Date "2022.06.27"]
[Round "4.7"]
[White "Fus, Krzysztof"]
[Black "Grzelak, Piotr"]
[Result "0-1"]
[ECO "A40"]
[WhiteElo "1333"]
[BlackElo "1684"]
[Annotator "NA RC"]
[PlyCount "140"]
[EventDate "2022.06.25"]
[EventType "swiss"]
[EventCountry "POL"]
[SourceTitle "playchess.com"]
[Source "ChessBase"]
[SourceQuality "1"]
[TimeControl "5400+30"]

1. d4 e6 2. Bf4 d5 3. e3 Nf6 4. a3 Bd6 5. Bxd6 cxd6 6. c4 dxc4 7. Bxc4 O-O 8. Nf3 b6 9. O-O Bb7 10. Qe2 Nbd7 11. Ba6 Bxa6 12. Qxa6 Ne4 13. Rc1 Ndf6 14. Nbd2 Nxd2 15. Nxd2 Qd7 16. Rc2 Rfc8 17. Rac1 Rxc2 18. Rxc2 h5 19. Kf1 e5 20. Qd3 Rc8 21. dxe5 Rxc2 22. Qxc2 dxe5 23. f3 g5 24. g3 g4 25. f4 exf4 26. exf4 Qd5 27. Ke1 Kg7 28. Qc4 Qh1+ 29. Nf1 Qf3 30. Qe2 Qd5 31. Ne3 Qe4 32. Kd2 Qb1 33. Kc3 Ne4+ 34. Kb4 a5+ 35. Kc4 Qa2+ 36. Kd4 Nd6 37. Nd5 Nf5+ 38. Ke5 Ne7 39. Nc3 Qe6+ 40. Kd4 Nf5+ 41. Kd3 Qd6+ 42. Kc4 Qc5+ 43. Kd3 Qd4+ 44. Kc2 Ne3+ 45. Kb1 Nc4 46. Qd1 Nxa3+ 47. Ka2 Qxd1 48. Nxd1 Nc2 49. Kb3 Ne1 50. Ka4 Nf3 51. Ne3 Nxh2 52. Kb5 Nf3 53. Kxb6 Nd4 54. Kxa5 Ne2 55. Nf1 h4 56. gxh4 g3 57. Nxg3 Nxg3 58. b4 Ne4 59. Kb5 Kh6 60. Kc6 Nc3 61. Kd6 Kh5 62. f5 Kxh4 63. f6 Kg5 64. Ke7 Kg6 65. Kd6 Kxf6 66. Kc5 Ke5 67. Kc4 Nd5 68. b5 Ke4 69. Kb3 f5 70. Kc2 Ke5 0-1

[Event "Krakow Championship-C 2022"]
[Site "Krakow"]
[Date "2022.06.27"]
[Round "4.8"]
[White "Rabenda, Piotr"]
[Black "Krasuski, Pawel"]
[Result "0-1"]
[ECO "D37"]
[WhiteElo "1237"]
[BlackElo "1682"]
[Annotator "NA RC"]
[PlyCount "80"]
[EventDate "2022.06.25"]
[EventType "swiss"]
[EventCountry "POL"]
[SourceTitle "playchess.com"]
[Source "ChessBase"]
[SourceQuality "1"]
[TimeControl "5400+30"]

1. d4 d5 2. c4 e6 3. Nf3 Nf6 4. Nc3 a6 5. Bg5 dxc4 6. e4 b5 7. a4 c6 8. e5 h6 9. Bxf6 gxf6 10. exf6 Bb7 11. Ne5 Qxf6 12. Be2 Nd7 13. Ne4 Bb4+ 14. Kf1 Qe7 15. Bh5 Rf8 16. h4 O-O-O 17. Qc2 Nb6 18. b3 cxb3 19. Qxb3 Rxd4 20. f3 Qc7 21. Nd3 c5 22. axb5 Bd5 23. Qc2 Bc4 24. Nef2 Rfd8 25. Rd1 Qd7 26. Ke2 Nd5 27. g3 Nc3+ 28. Ke3 Nd5+ 29. Ke2 Qc7 30. f4 Nc3+ 31. Ke3 Nxd1+ 32. Rxd1 Bxb5 33. Bf3 a5 34. Be4 f5 35. Bf3 c4 36. Nxb4 Rxd1 37. Nxd1 Qc5+ 38. Ke2 c3+ 39. Nd3 Bxd3+ 40. Ke1 Qg1# 0-1

[Event "Krakow Championship-C 2022"]
[Site "Krakow"]
[Date "2022.06.28"]
[Round "5.1"]
[White "Cwiek, Stefan"]
[Black "Andriienko, Artom"]
[Result "0-1"]
[ECO "B22"]
[WhiteElo "1280"]
[BlackElo "1588"]
[Annotator "NA RC"]
[PlyCount "72"]
[EventDate "2022.06.25"]
[EventType "swiss"]
[EventCountry "POL"]
[SourceTitle "playchess.com"]
[Source "ChessBase"]
[SourceQuality "1"]
[TimeControl "5400+30"]

1. e4 c5 2. c3 Nf6 3. e5 Nd5 4. d4 cxd4 5. cxd4 Nc6 6. Nf3 g6 7. Nc3 Nxc3 8. bxc3 Bg7 9. Bf4 d6 10. exd6 O-O 11. dxe7 Qxe7+ 12. Be2 Re8 13. Be3 Bf5 14. O-O Rac8 15. Rc1 Bh6 16. Bxh6 Qxe2 17. Qa4 b5 18. Qa6 Qc4 19. Rfe1 Be6 20. Rb1 b4 21. Qxc4 Bxc4 22. Rxe8+ Rxe8 23. cxb4 Bxa2 24. Rb2 Bd5 25. Be3 Rb8 26. b5 f6 27. Nd2 a5 28. Nb1 Nb4 29. Nc3 Bc4 30. Bf4 Re8 31. g3 g5 32. Bc7 Re1+ 33. Kg2 g4 34. f4 Bf1+ 35. Kf2 Nd3+ 36. Kg1 Bh3# 0-1

[Event "Krakow Championship-C 2022"]
[Site "Krakow"]
[Date "2022.06.28"]
[Round "5.2"]
[White "Chmielewski, Miroslaw"]
[Black "Bajer, Jakub"]
[Result "1-0"]
[ECO "B31"]
[WhiteElo "1571"]
[BlackElo "1358"]
[Annotator "NA RC"]
[PlyCount "71"]
[EventDate "2022.06.25"]
[EventType "swiss"]
[EventCountry "POL"]
[SourceTitle "playchess.com"]
[Source "ChessBase"]
[SourceQuality "1"]
[TimeControl "5400+30"]

1. e4 c5 2. Nf3 Nc6 3. Bb5 g6 4. O-O Bg7 5. c3 d6 6. d3 Bd7 7. Ba4 Nf6 8. Re1 O-O 9. Nbd2 Rb8 10. Nf1 b5 11. Bc2 Ne8 12. h3 b4 13. c4 Nc7 14. Ne3 Ne6 15. Nd5 Ned4 16. Bb1 Ne5 17. Nxd4 cxd4 18. Bd2 a5 19. Rf1 e6 20. Nf4 Bh6 21. Nxe6 Bxe6 22. Bxh6 Qh4 23. Bxf8 Rxf8 24. f4 Nc6 25. Bc2 Bxh3 26. Qf3 Bg4 27. Qf2 Qh6 28. Bd1 f5 29. Bxg4 fxg4 30. Qg3 Qh5 31. Qh2 Qc5 32. Qh4 Kg7 33. Qxg4 Ne7 34. Qg5 d5 35. cxd5 h6 36. Qe5+ 1-0

[Event "Krakow Championship-C 2022"]
[Site "Krakow"]
[Date "2022.06.28"]
[Round "5.3"]
[White "Lesniak, Wojciech"]
[Black "Kuznik, Kamil"]
[Result "0-1"]
[ECO "D97"]
[WhiteElo "1368"]
[BlackElo "1456"]
[Annotator "NA RC"]
[PlyCount "100"]
[EventDate "2022.06.25"]
[EventType "swiss"]
[EventCountry "POL"]
[SourceTitle "playchess.com"]
[Source "ChessBase"]
[SourceQuality "1"]
[TimeControl "5400+30"]

1. d4 Nf6 2. c4 g6 3. Nc3 d5 4. Nf3 Bg7 5. Qb3 dxc4 6. Qxc4 O-O 7. e4 c6 8. Be3 b5 9. Qb3 a5 10. a3 Na6 11. Qc2 Qc7 12. Be2 h6 13. O-O Ng4 14. Rac1 Nxe3 15. fxe3 Qd8 16. Rfd1 Bb7 17. d5 Qb6 18. Nd4 Rac8 19. Qd2 Nc5 20. b4 axb4 21. axb4 Na6 22. dxc6 Bxd4 23. Qxd4 Qxd4 24. exd4 Bxc6 25. d5 Bd7 26. Nxb5 Nxb4 27. Nd4 Na2 28. Rxc8 Rxc8 29. Ra1 Nc3 30. Bd3 Na4 31. Kf2 Nc5 32. Ke3 Nxd3 33. Kxd3 e5 34. Ra7 Be8 35. Re7 exd4 36. Kxd4 Kf8 37. d6 Rc2 38. Ke5 Rxg2 39. Rc7 Rd2 40. Rc3 Rxh2 41. Rd3 Bd7 42. Kd5 Rh5+ 43. Kd4 Rb5 44. Ra3 Rb8 45. Ke5 h5 46. Ra7 Be6 47. Kf6 Ke8 48. e5 h4 49. Re7+ Kd8 50. d7 Rb6 0-1

[Event "Krakow Championship-C 2022"]
[Site "Krakow"]
[Date "2022.06.28"]
[Round "5.4"]
[White "Piddubna, Bozhena"]
[Black "Krasuski, Pawel"]
[Result "1-0"]
[ECO "D11"]
[WhiteElo "1534"]
[BlackElo "1682"]
[Annotator "NA RC"]
[PlyCount "56"]
[EventDate "2022.06.25"]
[EventType "swiss"]
[EventCountry "POL"]
[SourceTitle "playchess.com"]
[Source "ChessBase"]
[SourceQuality "1"]
[TimeControl "5400+30"]

1. c4 c6 2. d4 d5 3. Nf3 e6 4. g3 dxc4 5. Bg2 Nd7 6. O-O Ngf6 7. Nbd2 b5 8. a4 Bb7 9. Ne5 Nxe5 10. dxe5 Nd5 11. Ne4 Be7 12. Nd6+ Bxd6 13. exd6 O-O 14. e4 Nb4 15. e5 Qd7 16. Be4 c5 17. Qf3 Bd5 18. Bd2 f6 19. Bxb4 fxe5 20. Qe3 Bxe4 21. Qxe4 cxb4 22. Rad1 Rac8 23. axb5 Rc5 24. Qg4 Rfc8 25. Ra1 Rxb5 26. Rxa7 Rb7 27. Rxb7 Qxb7 28. Qxe6+ Kf8 1-0

[Event "Krakow Championship-C 2022"]
[Site "Krakow"]
[Date "2022.06.28"]
[Round "5.5"]
[White "Diachek, Andriy"]
[Black "Grzelak, Piotr"]
[Result "1-0"]
[ECO "C05"]
[WhiteElo "1451"]
[BlackElo "1684"]
[Annotator "NA RC"]
[PlyCount "69"]
[EventDate "2022.06.25"]
[EventType "swiss"]
[EventCountry "POL"]
[SourceTitle "playchess.com"]
[Source "ChessBase"]
[SourceQuality "1"]
[TimeControl "5400+30"]

1. e4 e6 2. d4 d5 3. Nd2 Nf6 4. e5 Nfd7 5. f4 c5 6. c3 Nc6 7. Ndf3 Qb6 8. g3 cxd4 9. cxd4 Bb4+ 10. Kf2 a5 11. a4 O-O 12. Kg2 Qd8 13. Bd3 f6 14. Ne2 b6 15. Qc2 Ne7 16. Bxh7+ Kh8 17. Bd3 Ba6 18. Bxa6 Rxa6 19. Bd2 Bxd2 20. Qxd2 Nf5 21. Nc3 Qe8 22. Nb5 Qg6 23. Rac1 Raa8 24. Rc7 Rac8 25. Rhc1 Rxc7 26. Rxc7 fxe5 27. fxe5 Nb8 28. Qg5 Qxg5 29. Nxg5 Ne3+ 30. Kh3 Na6 31. Rb7 Nb4 32. Nd6 Nd3 33. Nxe6 g5 34. Nxg5 Rg8 35. Rh7# 1-0

[Event "Krakow Championship-C 2022"]
[Site "Krakow"]
[Date "2022.06.28"]
[Round "5.6"]
[White "Pawlak, Emilia"]
[Black "Ralowski, Mateusz"]
[Result "1-0"]
[ECO "A36"]
[WhiteElo "1477"]
[BlackElo "1465"]
[Annotator "NA RC"]
[PlyCount "85"]
[EventDate "2022.06.25"]
[EventType "swiss"]
[EventCountry "POL"]
[SourceTitle "playchess.com"]
[Source "ChessBase"]
[SourceQuality "1"]
[TimeControl "5400+30"]

1. c4 c5 2. Nc3 Nc6 3. g3 g6 4. Bg2 Bg7 5. d3 d6 6. e4 e6 7. Nge2 Nge7 8. O-O O-O 9. Be3 a6 10. a4 Nd4 11. Rb1 Nec6 12. f4 Rb8 13. Kh1 Bd7 14. g4 f5 15. exf5 exf5 16. g5 Re8 17. Bf2 b5 18. axb5 axb5 19. cxb5 Nxb5 20. Nxb5 Rxb5 21. d4 Rb4 22. dxc5 dxc5 23. Bd5+ Kh8 24. Bxc5 Rxb2 25. Rxb2 Bxb2 26. Qd2 Bg7 27. Rd1 Na5 28. Bd4 Re7 29. Kg1 Ba4 30. Ra1 Rxe2 31. Bxg7+ Kxg7 32. Qxe2 Qxd5 33. Rxa4 Qc5+ 34. Kf1 Qc1+ 35. Kf2 Qc5+ 36. Kg3 Qg1+ 37. Kh4 Nc6 38. Qb2+ Kf8 39. Qf6+ Ke8 40. Qxc6+ Ke7 41. Qb7+ Kd6 42. Ra6+ Kc5 43. Qb6+ 1-0

[Event "Krakow Championship-C 2022"]
[Site "Krakow"]
[Date "2022.06.28"]
[Round "5.7"]
[White "Khimichenko, Dmytro"]
[Black "Olszewski, Antoni"]
[Result "0-1"]
[ECO "B47"]
[WhiteElo "1427"]
[BlackElo "1532"]
[Annotator "NA RC"]
[PlyCount "82"]
[EventDate "2022.06.25"]
[EventType "swiss"]
[EventCountry "POL"]
[SourceTitle "playchess.com"]
[Source "ChessBase"]
[SourceQuality "1"]
[TimeControl "5400+30"]

1. e4 c5 2. Nf3 e6 3. d4 cxd4 4. Nxd4 Nc6 5. Nc3 Qc7 6. Ndb5 Qb8 7. Be3 Nf6 8. Be2 Be7 9. Qd2 a6 10. Nd4 b5 11. f3 Qc7 12. O-O O-O 13. a4 b4 14. Nd1 d5 15. Nxc6 Qxc6 16. e5 Nd7 17. f4 f6 18. exf6 Bxf6 19. Ra2 Rb8 20. b3 Nc5 21. Bf3 Ne4 22. Qe1 a5 23. Bxe4 dxe4 24. Rf2 Ba6 25. Rd2 Rbd8 26. Rxd8 Rxd8 27. Nf2 Bc3 28. Qc1 Qd5 29. h3 Rd6 30. g3 Be2 31. Kg2 Qc6 32. Kg1 h6 33. Kh2 Bf3 34. Kg1 h5 35. h4 Be2 36. Kh2 g6 37. Kg1 Bf3 38. Kh2 Qa6 39. Kg1 Qe2 40. Ra1 Bxa1 41. Qxa1 Qxe3 0-1

[Event "Krakow Championship-C 2022"]
[Site "Krakow"]
[Date "2022.06.28"]
[Round "5.8"]
[White "Kieca, Aleksandra"]
[Black "Jokel, Marcin"]
[Result "1/2-1/2"]
[ECO "D05"]
[WhiteElo "1524"]
[BlackElo "1413"]
[Annotator "NA RC"]
[PlyCount "50"]
[EventDate "2022.06.25"]
[EventType "swiss"]
[EventCountry "POL"]
[SourceTitle "playchess.com"]
[Source "ChessBase"]
[SourceQuality "1"]
[TimeControl "5400+30"]

1. d4 d5 2. Nf3 Nf6 3. e3 e6 4. Bd3 c5 5. b3 b6 6. Bb2 Nbd7 7. Nbd2 Bd6 8. Ne5 O-O 9. O-O Bb7 10. f4 Ne4 11. Bxe4 dxe4 12. Ndc4 Bc7 13. Qg4 f5 14. Qe2 Nxe5 15. Nxe5 Bxe5 16. dxe5 Qe7 17. Rfd1 Rfd8 18. Qe1 Rac8 19. Rac1 Rc7 20. Rxd8+ Qxd8 21. Rd1 Rd7 22. Rxd7 Qxd7 23. Bc3 h6 24. Qd2 Qxd2 25. Bxd2 Bc8 1/2-1/2

[Event "Krakow Championship-C 2022"]
[Site "Krakow"]
[Date "2022.06.29"]
[Round "6.1"]
[White "Andriienko, Artom"]
[Black "Chmielewski, Miroslaw"]
[Result "1-0"]
[ECO "A46"]
[WhiteElo "1588"]
[BlackElo "1571"]
[Annotator "NA RC"]
[PlyCount "99"]
[EventDate "2022.06.25"]
[EventType "swiss"]
[EventCountry "POL"]
[SourceTitle "playchess.com"]
[Source "ChessBase"]
[SourceQuality "1"]
[TimeControl "5400+30"]

1. d4 Nf6 2. Nf3 d6 3. g3 Bf5 4. Bg2 c6 5. O-O Nbd7 6. c4 e5 7. Nc3 Be7 8. b3 O-O 9. Bb2 Re8 10. Nh4 Bg6 11. d5 c5 12. e4 Nf8 13. Qd3 N6d7 14. Nxg6 Nxg6 15. Rae1 h6 16. Bh3 Ndf8 17. Kh1 Nh7 18. f4 Bf6 19. Bf5 Ngf8 20. Bxh7+ Nxh7 21. f5 Be7 22. Bc1 Bg5 23. h4 Bxc1 24. Rxc1 Nf6 25. Qe2 Nd7 26. Rf2 a6 27. Rg1 Qa5 28. Qd3 b5 29. g4 bxc4 30. bxc4 g6 31. Qe3 Kg7 32. g5 h5 33. fxg6 fxg6 34. Rgf1 Rf8 35. Qh3 Qd8 36. Qe6 Rxf2 37. Rxf2 Nf8 38. Qf7+ Kh8 39. Rb2 Rb8 40. Rb3 Rxb3 41. axb3 Qc8 42. Kh2 Qb8 43. Ne2 a5 44. Ng3 Qc8 45. Nf5 gxf5 46. exf5 Nh7 47. f6 Nxf6 48. gxf6 Qg8 49. Qxh5+ Qh7 50. Qe8+ 1-0

[Event "Krakow Championship-C 2022"]
[Site "Krakow"]
[Date "2022.06.29"]
[Round "6.2"]
[White "Kuznik, Kamil"]
[Black "Piddubna, Bozhena"]
[Result "0-1"]
[ECO "C45"]
[WhiteElo "1456"]
[BlackElo "1534"]
[Annotator "NA RC"]
[PlyCount "96"]
[EventDate "2022.06.25"]
[EventType "swiss"]
[EventCountry "POL"]
[SourceTitle "playchess.com"]
[Source "ChessBase"]
[SourceQuality "1"]
[TimeControl "5400+30"]

1. e4 e5 2. Nf3 Nc6 3. d4 exd4 4. Nxd4 Nf6 5. Nxc6 bxc6 6. e5 Qe7 7. Qe2 Nd5 8. c4 Nb6 9. b3 a5 10. Ba3 Qg5 11. Bxf8 Qc1+ 12. Qd1 Qxd1+ 13. Kxd1 Rxf8 14. Bd3 Bb7 15. Re1 O-O-O 16. Nc3 f6 17. e6 dxe6 18. Kc2 e5 19. Bxh7 Kb8 20. Bf5 Nc8 21. Rad1 Nd6 22. Bd3 Rh8 23. h3 g6 24. Na4 Bc8 25. Nc5 Nf5 26. Kc3 Rdg8 27. b4 axb4+ 28. Kxb4 Nd4 29. Kc3 Ka7 30. Rb1 Ne6 31. Nxe6 Bxe6 32. Rb3 Rd8 33. Bxg6 Rd4 34. Bd3 Rhh4 35. g3 Rxh3 36. Bf1 Rh1 37. Reb1 Bc8 38. Ra3+ Ba6 39. c5 Rxf1 40. Rxf1 Rd3+ 41. Kb2 Rxa3 42. Kxa3 Bxf1 43. Kb4 Be2 44. Kc3 Ka6 45. Kd2 Bc4 46. Ke3 Bxa2 47. f4 exf4+ 48. Kxf4 Be6 0-1

[Event "Krakow Championship-C 2022"]
[Site "Krakow"]
[Date "2022.06.29"]
[Round "6.3"]
[White "Jaromin, Maciej"]
[Black "Pawlak, Emilia"]
[Result "1-0"]
[ECO "A57"]
[WhiteElo "1479"]
[BlackElo "1477"]
[Annotator "NA RC"]
[PlyCount "101"]
[EventDate "2022.06.25"]
[EventType "swiss"]
[EventCountry "POL"]
[SourceTitle "playchess.com"]
[Source "ChessBase"]
[SourceQuality "1"]
[TimeControl "5400+30"]

1. d4 Nf6 2. c4 c5 3. d5 b5 4. cxb5 a6 5. e3 g6 6. Nc3 Bg7 7. Nf3 O-O 8. Be2 d6 9. a4 axb5 10. Bxb5 Ba6 11. Bxa6 Nxa6 12. O-O Qb6 13. Rb1 Rfb8 14. Re1 Nd7 15. Bd2 Nb4 16. Qe2 Qb7 17. e4 Nc2 18. Red1 Nd4 19. Qd3 Qc8 20. Nxd4 cxd4 21. Nb5 Rxa4 22. b3 Nc5 23. Rbc1 Raa8 24. Qc4 Qd7 25. Nxd4 Bxd4 26. b4 Nxe4 27. Qxd4 Nxd2 28. Qxd2 Ra4 29. Rc4 Qb7 30. Rb1 Rba8 31. Qd4 Qd7 32. h3 Qf5 33. Re1 R4a7 34. Rec1 Qd7 35. Rc6 f6 36. h4 Rb7 37. Rb6 Rba7 38. b5 Qf5 39. Rbc6 Ra4 40. R6c4 Rxc4 41. Qxc4 Qe5 42. b6 Qb2 43. Qc7 Ra1 44. Rxa1 Qxa1+ 45. Kh2 Qd4 46. Qc8+ Kg7 47. b7 Qxh4+ 48. Kg1 Qd4 49. b8=Q Qa1+ 50. Kh2 Qe5+ 51. g3 1-0